Map: Pride of Altaris LE

Players

Pumba

  • Race: Protoss Protoss
  • Spawn Location: 11:00

Neox - Winner!

  • Race: Zerg Zerg
  • League: Master
  • Spawn Location: 5:00

VOD

Have the link to the VOD?

Description

Time

  • Played on: April 5, 2022, 5:15 p.m.
  • Length: 5:15
Show
View Real Time Build Order
Export as new Build Order

Pumba Protoss 

Build Orders: 1 Gate Expand 

Get SALT Encoding   

  12  0:00  Probe  
  13  0:16  Pylon  
  13  0:17  Probe (Chrono Boost)  
  14  0:29  Probe (Chrono Boost)  
  15  0:37  Probe (Chrono Boost)  
  15  0:41  Gateway  
  16  0:43  Probe  
  16  0:48  Assimilator  
  17  0:55  Probe  
  18  1:07  Probe  
  19  1:19  Probe  
  20  1:28  Nexus  
  20  1:38  Cybernetics Core  
  20  1:41  Probe  
  21  1:47  Pylon  
  21  1:54  Assimilator  
  21  1:57  Probe  
  22  2:02  Pylon  
  22  2:09  Probe  
  23  2:20  Adept (Chrono Boost)  
  23  2:21  Probe  
  26  2:35  Stargate  
  26  2:36  Probe (Chrono Boost)  
  27  2:39  Adept (Chrono Boost), Probe (Chrono Boost)  
  30  2:49  Probe (Chrono Boost)  
  30  2:50  Probe (Chrono Boost)  
  32  2:58  Probe x2  
  34  3:10  Probe x2  
  36  3:13  Pylon  
  34  3:20  Gateway  
  34  3:25  Void Ray (Chrono Boost)  
  38  3:29  Pylon  
  22  3:50  Shield Battery  
  22  3:59  Probe  
  22  4:16  Probe  
  22  4:20  Probe  
  22  4:28  Probe (Chrono Boost)  
  22  4:40  Probe (Chrono Boost)  
  22  4:43  Probe (Chrono Boost)  
  23  4:52  Probe (Chrono Boost)  
  23  5:02  Gateway  
  23  5:04  Gateway  
Show
View Real Time Build Order
Export as new Build Order

Neox Zerg - Winner!

Build Orders: Pool First 

Get SALT Encoding   

  12  0:00  Drone  
  13  0:12  Overlord  
  13  0:17  Drone  
  14  0:31  Drone x2  
  16  0:40  Spawning Pool  
  15  0:44  Drone  
  15  0:47  Drone  
  17  1:13  Hatchery  
  17  1:15  Drone  
  17  1:17  Extractor  
  16  1:18  Drone  
  17  1:27  Zergling x2  
  17  1:28  Zergling x2  
  19  1:39  Roach Warren  
  18  1:41  Drone  
  19  1:52  Queen  
  21  2:00  Overlord  
  21  2:18  Roach  
  21  2:19  Roach  
  25  2:25  Roach x2  
  29  2:38  Roach  
  31  2:48  Overlord  
  31  2:50  Zergling x4  
  33  2:55  Queen  
  33  2:57  Zergling x2  
  35  3:04  Zergling x2  
  36  3:05  Zergling x2  
  36  3:11  Metabolic Boost  
  36  3:17  Zergling x2  
  36  3:18  Zergling x2  
  38  3:21  Zergling x2  
  39  3:32  Zergling x6  
  42  3:36  Zergling x2  
  42  3:37  Zergling x2  
  44  3:43  Overlord  
  44  3:58  Zergling x2  
  39  4:11  Zergling x8  
  39  4:16  Zergling x2  
  39  4:17  Zergling x4  
  43  4:21  Zergling x8  
  42  4:32  Zergling x2  
  42  4:33  Zergling x2  
  42  4:37  Drone  
  42  4:50  Hatchery  
  40  4:59  Drone x3  
Tags
 
Add a new tag
Caveats
  • Supply blocks, unpowered buildings, or Contaminate may cause inaccurate times.
  • Supply counts are checked every 10 seconds.